MLB
TEXAS RANGERS @ SAN FRANCISCO GIANTS
04/12/2099
 
TOP OF THE 1ST
Texas Rangers batting - Pitching for San Francisco Giants : RHP Tony Wise
Pitching: RHP Tony Wise
Batting: SHB Luis Chavez 0-0: Ball
1-0: Called Strike
1-1: Ball
2-1: SINGLE (Line Drive, 6MD, EV 94.4 MPH)
Batting: RHB Chris Patrick 0-0: Ball
1-0: DOUBLE (Line Drive, 7LD, EV 105.0 MPH)
Luis Chavez to third
Batting: LHB Simeone DeVito 0-0: Ball
1-0: Called Strike
1-1: Ball
2-1: Ground out 6-3 (Groundball, 6, EV 103.1 MPH)
Luis Chavez scores
Chris Patrick to third
Batting: RHB Kevin Hock 0-0: Foul Ball, location: 3SF
0-1: Foul Ball, location: 2F
0-2: Foul Ball, location: 7LMF
0-2: Ball
1-2: Strikes out swinging
Batting: LHB Charlie Gagne 0-0: Ball
1-0: Ball
2-0: Ball
3-0: Called Strike
3-1: Foul Ball, location: 25FF
3-2: SINGLE (Line Drive, 7LS, EV 93.8 MPH)
Chris Patrick scores
Batting: RHB Travis Huffman 0-0: Foul Ball, location: 23FF
0-1: Ball
1-1: Called Strike
1-2: Foul Ball, location: 23F
1-2: Strikes out swinging
Top of the 1st over - 2 runs, 3 hits, 0 errors, 1 left on base; Texas 2 - San Francisco 0
BOTTOM OF THE 1ST
San Francisco Giants batting - Pitching for Texas Rangers : RHP Ryan Kohn
Pitching: RHP Ryan Kohn
Batting: RHB Erik Mulloy 0-0: Called Strike
0-1: Fly out, F3 (Popup, 3S, EV 84.4 MPH)
Batting: LHB Daniel Cipolla 0-0: Ground out 4-3 (Groundball, 34, EV 83.8 MPH)
Batting: RHB Masataka Kato 0-0: Called Strike
0-1: Fly out, F4 (Popup, 34D, EV 55.0 MPH)
Bottom of the 1st over - 0 runs, 0 hits, 0 errors, 0 left on base; Texas 2 - San Francisco 0
TOP OF THE 2ND
Texas Rangers batting - Pitching for San Francisco Giants : RHP Tony Wise
Batting: LHB Scott Spencer 0-0: Called Strike
0-1: Foul Ball, location: 3F
0-2: Ball
1-2: Foul Ball, location: 2F
1-2: Foul Ball, location: 25FF
1-2: Strikes out swinging
Batting: RHB Jason Hartel 0-0: Ball
1-0: Called Strike
1-1: Foul Ball, location: 2F
1-2: Ground out 3-1 (Groundball, 34S, EV 83.1 MPH)
Batting: RHB Raul Camacho 0-0: Ball
1-0: Ground out 6-3 (Groundball, 6, EV 100.0 MPH)
Top of the 2nd over - 0 runs, 0 hits, 0 errors, 0 left on base; Texas 2 - San Francisco 0
BOTTOM OF THE 2ND
San Francisco Giants batting - Pitching for Texas Rangers : RHP Ryan Kohn
Batting: LHB Eric Plaunt 0-0: Ball
1-0: DOUBLE (Flyball, 89D, EV 88.8 MPH)
Batting: RHB David Bishop 0-0: Called Strike
0-1: Called Strike
0-2: Foul Ball, location: 5SF
0-2: Fly out, F8 (Flyball, 89S, EV 94.4 MPH)
Batting: LHB Kevin Shaw 0-0: Called Strike
0-1: Called Strike
0-2: Ball
1-2: Ball
2-2: Foul Ball, location: 2F
2-2: 2-RUN HOME RUN (Flyball, 89XD, EV 111.3 MPH), Distance : 444 ft
Batting: LHB Lindsay Foreman 0-0: Called Strike
0-1: Fly out, F4 (Popup, 4M, EV 62.5 MPH)
Batting: RHB Kevin Mosemann 0-0: Ball
1-0: Ball
2-0: Ball
3-0: Foul Ball, location: 3F
3-1: SINGLE (Line Drive, 9S, EV 103.8 MPH)
Batting: RHB Dave Melton 0-0: Called Strike
Kevin Mosemann steals 2nd base
0-1: Ball
1-1: Ball
2-1: Foul Ball, location: 9LMF
2-2: Fly out, F8 (Flyball, 8LM, EV 90.6 MPH)
Bottom of the 2nd over - 2 runs, 3 hits, 0 errors, 1 left on base; Texas 2 - San Francisco 2
TOP OF THE 3RD
Texas Rangers batting - Pitching for San Francisco Giants : RHP Tony Wise
Batting: SHB Luis Chavez 0-0: Ball
1-0: Swinging Strike
1-1: Ball
2-1: Swinging Strike
2-2: Ball
3-2: Foul Ball, location: 23F
3-2: Strikes out swinging
Batting: RHB Chris Patrick 0-0: TRIPLE (Line Drive, 89XD, EV 111.3 MPH)
Batting: LHB Simeone DeVito 0-0: Ball
1-0: Ground out 6-3 (Groundball, 6M, EV 97.5 MPH)
Batting: RHB Kevin Hock 0-0: Called Strike
0-1: SINGLE (Groundball, 15, EV 67.5 MPH) (infield hit)
Chris Patrick scores
Batting: LHB Charlie Gagne 0-0: Ball
1-0: Ball
2-0: DOUBLE (Line Drive, 3D, EV 102.5 MPH)
Kevin Hock to third
Runner from 3rd tries for Home, SAFE, throw by RF to trailing runner, SAFE at third!
Batting: RHB Travis Huffman 0-0: Swinging Strike
0-1: Ball
1-1: Ball
2-1: Swinging Strike
2-2: Strikes out looking
Top of the 3rd over - 2 runs, 3 hits, 0 errors, 1 left on base; Texas 4 - San Francisco 2
BOTTOM OF THE 3RD
San Francisco Giants batting - Pitching for Texas Rangers : RHP Ryan Kohn
Batting: RHB Erik Mulloy 0-0: Ball
1-0: TRIPLE (Flyball, 9LD, EV 110.0 MPH)
Batting: LHB Daniel Cipolla 0-0: Called Strike
0-1: Ball
1-1: Fly out, F4 (Popup, 4S, EV 80.0 MPH)
Batting: RHB Masataka Kato 0-0: Ball
1-0: Ground out 1-3 (Groundball, 13S, EV 65.6 MPH)
Batting: LHB Eric Plaunt 0-0: Swinging Strike
0-1: Swinging Strike
0-2: Strikes out swinging
Bottom of the 3rd over - 0 runs, 1 hit, 0 errors, 1 left on base; Texas 4 - San Francisco 2
TOP OF THE 4TH
Texas Rangers batting - Pitching for San Francisco Giants : RHP Tony Wise
Batting: LHB Scott Spencer 0-0: Called Strike
0-1: Ball
1-1: Called Strike
1-2: Strikes out swinging
Batting: RHB Jason Hartel 0-0: Foul Ball, location: 2F
0-1: Foul Ball, location: 23FF
0-2: Ball
1-2: Ball
2-2: Strikes out looking
Batting: RHB Raul Camacho 0-0: Ground out 1-3 (Groundball, 13S, EV 74.4 MPH)
Top of the 4th over - 0 runs, 0 hits, 0 errors, 0 left on base; Texas 4 - San Francisco 2
BOTTOM OF THE 4TH
San Francisco Giants batting - Pitching for Texas Rangers : RHP Ryan Kohn
Batting: RHB David Bishop 0-0: Called Strike
0-1: Swinging Strike
0-2: Ball
1-2: Ball
2-2: Strikes out looking
Pitching: RHP Antonio Jimenez
Batting: LHB Kevin Shaw 0-0: Called Strike
0-1: Ball
1-1: Fly out, F7 (Flyball, 7D, EV 91.9 MPH)
Batting: LHB Lindsay Foreman 0-0: Ground out 5-3 (Groundball, 56, EV 103.1 MPH)
Bottom of the 4th over - 0 runs, 0 hits, 0 errors, 0 left on base; Texas 4 - San Francisco 2
TOP OF THE 5TH
Texas Rangers batting - Pitching for San Francisco Giants : RHP Tony Wise
Batting: SHB Luis Chavez 0-0: Called Strike
0-1: Swinging Strike
0-2: TRIPLE (Line Drive, 89XD, EV 104.4 MPH)
Batting: RHB Chris Patrick 0-0: Called Strike
0-1: Ball
1-1: Foul Ball, location: 2LF, Error on foul ball, E2
1-2: Ball
2-2: DOUBLE (Line Drive, 8RXD, EV 102.5 MPH)
Luis Chavez scores
Pitching: RHP Rick Rudd
Batting: LHB Simeone DeVito 0-0: Ball
1-0: Fly out, F7 (Line Drive, 78M, EV 98.1 MPH)
Batting: RHB Kevin Hock 0-0: Called Strike
0-1: Ball
1-1: Foul Ball, location: 3SF
1-2: Ball
2-2: Ball
3-2: Foul Ball, location: 3DF
3-2: Base on Balls
Batting: LHB Charlie Gagne 0-0: Foul Ball, location: 9LMF
0-1: Foul Ball, location: 2F
0-2: Reached on error, E4 (Groundball, 4, EV 102.5 MPH)
Chris Patrick to third
Kevin Hock to second
Batting: RHB Travis Huffman 0-0: Ball
1-0: Called Strike
1-1: Foul Ball, location: 23F
1-2: Foul Ball, location: 2F
1-2: Ball
2-2: Strikes out swinging
Batting: LHB Scott Spencer 0-0: SINGLE (Line Drive, 34, EV 98.1 MPH)
Chris Patrick scores
Kevin Hock to third
Charlie Gagne to second
Runner from 3rd tries for Home, SAFE, throw by RF to home
Batting: RHB Jason Hartel 0-0: Foul Ball, location: 2F
0-1: Foul Ball, location: 2LF
0-2: Ground out 5-3 (Groundball, 5S, EV 78.8 MPH)
Top of the 5th over - 3 runs, 3 hits, 2 errors, 2 left on base; Texas 7 - San Francisco 2
BOTTOM OF THE 5TH
San Francisco Giants batting - Pitching for Texas Rangers : RHP Antonio Jimenez
Batting: RHB Kevin Mosemann 0-0: Ball
1-0: Fly out, F3 (Popup, 3, EV 75.0 MPH)
Batting: RHB Dave Melton 0-0: Swinging Strike
0-1: Ball
1-1: Ball
2-1: Foul Ball, location: 9LMF
2-2: Reached on error, E6 (Groundball, 6, EV 100.0 MPH)
Batting: RHB Erik Mulloy 0-0: Ball
Dave Melton steals 2nd base
1-0: Called Strike
1-1: Swinging Strike
1-2: Strikes out swinging
Batting: LHB Daniel Cipolla 0-0: Swinging Strike
0-1: Called Strike
0-2: Ball
1-2: SINGLE (Line Drive, 6D, EV 97.5 MPH)
Dave Melton to third
Runner from 3rd tries for Home, SAFE, throw by LF to home
Batting: RHB Masataka Kato 0-0: Called Strike
Daniel Cipolla steals 2nd base
0-1: Ground out 4-3 (Groundball, 4, EV 86.9 MPH)
Bottom of the 5th over - 1 run, 1 hit, 1 error, 1 left on base; Texas 7 - San Francisco 3
TOP OF THE 6TH
Texas Rangers batting - Pitching for San Francisco Giants : RHP Rick Rudd
Batting: RHB Raul Camacho 0-0: DOUBLE (Groundball, 5L, EV 102.5 MPH)
Batting: SHB Luis Chavez 0-0: Called Strike
0-1: Ball
1-1: Ball
2-1: Foul Ball, location: 5F
2-2: Foul Ball, location: 2F
2-2: Foul Ball, location: 2F
2-2: Ball
3-2: DOUBLE (Line Drive, 7LM, EV 95.6 MPH)
Raul Camacho scores
Batting: RHB Chris Patrick 0-0: Ball
1-0: Called Strike
1-1: Ground out 6-3 (Groundball, 6, EV 100.6 MPH)
Luis Chavez to third
Batting: LHB Simeone DeVito 0-0: Called Strike
0-1: Called Strike
0-2: Ball
1-2: Strikes out swinging
Batting: RHB Kevin Hock 0-0: Ball
1-0: Foul Ball, location: 3SF
1-1: Foul Ball, location: 5F
1-2: Strikes out swinging
Top of the 6th over - 1 run, 2 hits, 0 errors, 1 left on base; Texas 8 - San Francisco 3
BOTTOM OF THE 6TH
San Francisco Giants batting - Pitching for Texas Rangers : RHP Antonio Jimenez
Batting: LHB Eric Plaunt 0-0: SINGLE (Groundball, 4MD, EV 103.8 MPH)
Batting: RHB David Bishop 0-0: Ball
1-0: Foul Ball, location: 2F
1-1: Ball
2-1: Called Strike
2-2: Strikes out swinging
Pitching: LHP Ryan Zeiher
Batting: LHB Kevin Shaw 0-0: Ball
1-0: Ball
2-0: Grounds into double play, 2-4-3 (Groundball, 2L, EV 68.1 MPH)
Bottom of the 6th over - 0 runs, 1 hit, 0 errors, 0 left on base; Texas 8 - San Francisco 3
TOP OF THE 7TH
Texas Rangers batting - Pitching for San Francisco Giants : RHP Rick Rudd
Batting: LHB Charlie Gagne 0-0: Ball
1-0: Swinging Strike
1-1: Called Strike
1-2: Ball
2-2: SINGLE (Groundball, 56D, EV 106.3 MPH)
Pitching: RHP Adam Newman
Batting: RHB Travis Huffman 0-0: Foul Ball, location: 2F
0-1: Ball
1-1: Called Strike
1-2: Fly out, F8 (Flyball, 8RXD, EV 111.3 MPH)
Batting: LHB Scott Spencer 0-0: Ball
1-0: SINGLE (Groundball, 34D, EV 96.3 MPH)
Charlie Gagne to second
Batting: RHB Jason Hartel 0-0: Swinging Strike
0-1: Ball
1-1: Ball
2-1: Swinging Strike
2-2: Foul Ball, location: 9LMF
2-2: Foul Ball, location: 2F
2-2: Ball
3-2: Base on Balls
Charlie Gagne to third
Scott Spencer to second
Batting: RHB Raul Camacho 0-0: Called Strike
0-1: Ball
1-1: Swinging Strike
1-2: SINGLE (Line Drive, 89S, EV 90.6 MPH)
Charlie Gagne scores
Scott Spencer to third
Jason Hartel to second
Batting: SHB Luis Chavez 0-0: Called Strike
0-1: Ball
1-1: Ball
2-1: Fielders Choice at 2nd, 6-4 (Groundball, 6, EV 100.6 MPH)
Scott Spencer scores
Jason Hartel to third
Batting: RHB Chris Patrick 0-0: Ball
1-0: Foul Ball, location: 5DF
1-1: Called Strike
1-2: Strikes out swinging
Top of the 7th over - 2 runs, 3 hits, 0 errors, 2 left on base; Texas 10 - San Francisco 3
BOTTOM OF THE 7TH
San Francisco Giants batting - Pitching for Texas Rangers : LHP Ryan Zeiher
Pinch Hitting: RHB Danny Bute 0-0: Foul Ball, location: 9LSF
0-1: Ball
1-1: Ball
2-1: Foul Ball, location: 2F
2-2: Foul Ball, location: 9LMF
2-2: Strikes out swinging
Batting: RHB Kevin Mosemann 0-0: Ball
1-0: Ball
2-0: Swinging Strike
2-1: Called Strike
2-2: Foul Ball, location: 3F
2-2: SINGLE (Groundball, 34D, EV 103.1 MPH)
Pinch Hitting: RHB Luis Juarez 0-0: DOUBLE (Line Drive, 9LS, EV 100.6 MPH)
Kevin Mosemann to third
Kevin Mosemann scores
Batting: RHB Erik Mulloy 0-0: Ball
1-0: Called Strike
1-1: Ground out 4-3 (Groundball, 34, EV 101.3 MPH)
Luis Juarez to third
Batting: LHB Daniel Cipolla 0-0: Ball
1-0: Ball
2-0: Ball
3-0: Base on Balls
Batting: RHB Masataka Kato 0-0: Ball
1-0: Ball
2-0: Ball
3-0: Called Strike
3-1: Base on Balls
Daniel Cipolla to second
Batting: LHB Eric Plaunt 0-0: Foul Ball, location: 7LMF
0-1: Ball
1-1: SINGLE (Groundball, 34D, EV 106.3 MPH)
Luis Juarez scores
Daniel Cipolla to third
Masataka Kato to second
Runner from 3rd tries for Home, SAFE, throw by RF to home
Pitching: RHP Aaron Aycock
Batting: RHB David Bishop 0-0: Fly out, F3 (Popup, 3SF, EV 73.8 MPH)
Bottom of the 7th over - 3 runs, 3 hits, 0 errors, 2 left on base; Texas 10 - San Francisco 6
TOP OF THE 8TH
Texas Rangers batting - Pitching for San Francisco Giants : RHP Adam Newman
Now in LF: Danny Bute
Now in CF: Daniel Cipolla
Now in RF: Luis Juarez
Batting: LHB Simeone DeVito 0-0: DOUBLE (Groundball, 3L, EV 106.9 MPH)
Batting: RHB Kevin Hock 0-0: Ball
1-0: Ball
2-0: DOUBLE (Flyball, 8LXD, EV 107.5 MPH)
Simeone DeVito scores
Pitching: LHP Alexis Mendoza
Batting: LHB Charlie Gagne 0-0: Swinging Strike
0-1: Ball
1-1: Called Strike
1-2: SINGLE (Flyball, 89S, EV 87.5 MPH)
Kevin Hock to third
Runner from 3rd tries for Home, SAFE, throw by CF to home
Batting: RHB Travis Huffman 0-0: Foul Ball, location: 2F
0-1: Swinging Strike
0-2: Strikes out swinging
Batting: LHB Scott Spencer 0-0: Swinging Strike
0-1: Ball
1-1: Called Strike
1-2: Strikes out swinging
Batting: RHB Jason Hartel 0-0: Foul Ball, location: 2F
0-1: Foul Ball, location: 9LDF
0-2: SINGLE (Line Drive, 78S, EV 90.6 MPH)
Charlie Gagne to second
Batting: RHB Raul Camacho 0-0: Called Strike
0-1: Swinging Strike
0-2: Strikes out swinging
Top of the 8th over - 2 runs, 4 hits, 0 errors, 2 left on base; Texas 12 - San Francisco 6
BOTTOM OF THE 8TH
San Francisco Giants batting - Pitching for Texas Rangers : RHP Aaron Aycock
Batting: LHB Kevin Shaw 0-0: Ball
1-0: Ball
2-0: SINGLE (Groundball, 4MD, EV 103.1 MPH)
Pinch Hitting: LHB Ernesto Pelayo 0-0: SINGLE (Flyball, 56D, EV 93.8 MPH)
Kevin Shaw to second
DELAY Rain delay of 15 minutes in the 8th inning.
Pinch Hitting: RHB Chris Strong 0-0: Grounds into double play, 6-4-3 (Groundball, 6, EV 85.0 MPH)
Kevin Shaw to third
Batting: RHB Luis Juarez 0-0: Ball
1-0: Ball
2-0: Ball
3-0: Called Strike
3-1: Reached via error on a dropped throw from 1B, E1 (Groundball, 34, EV 79.4 MPH)
Kevin Shaw scores
Batting: RHB Erik Mulloy 0-0: Called Strike
0-1: Ground out 4-3 (Groundball, 4, EV 85.6 MPH)
Bottom of the 8th over - 1 run, 2 hits, 1 error, 1 left on base; Texas 12 - San Francisco 7
TOP OF THE 9TH
Texas Rangers batting - Pitching for San Francisco Giants : LHP Alexis Mendoza
Now at SS: Bryce Bissinger
Now in LF: Ernesto Pelayo
Batting: SHB Luis Chavez 0-0: Swinging Strike
0-1: Called Strike
0-2: Ground out 5-3 (Groundball, 56, EV 103.1 MPH)
Batting: RHB Chris Patrick 0-0: Ball
1-0: Ground out 2-3 (Groundball, 2L, EV 63.8 MPH)
Batting: LHB Simeone DeVito 0-0: Swinging Strike
0-1: Ball
1-1: Ball
2-1: Foul Ball, location: 2F
2-2: SOLO HOME RUN (Flyball, 8LXD, EV 108.1 MPH), Distance : 417 ft
Batting: RHB Kevin Hock 0-0: Ball
1-0: Foul Ball, location: 23FF
1-1: SOLO HOME RUN (Flyball, 7LD, EV 94.4 MPH), Distance : 352 ft
Pitching: LHP C.J. Williams
Batting: LHB Charlie Gagne 0-0: Fly out, F8 (Flyball, 8LD, EV 106.3 MPH)
Top of the 9th over - 2 runs, 2 hits, 0 errors, 0 left on base; Texas 14 - San Francisco 7
BOTTOM OF THE 9TH
San Francisco Giants batting - Pitching for Texas Rangers : RHP Aaron Aycock
Batting: LHB Daniel Cipolla 0-0: Called Strike
0-1: Fly out, F7 (Flyball, 7, EV 76.9 MPH)
Batting: RHB Masataka Kato 0-0: Ball
1-0: Swinging Strike
1-1: Swinging Strike
1-2: Strikes out swinging
Batting: LHB Eric Plaunt 0-0: Ball
1-0: Foul Ball, location: 3F
1-1: Ball
2-1: Swinging Strike
2-2: Foul Ball, location: 23FF
2-2: Ball
3-2: Fly out, F6 (Popup, 6S, EV 76.3 MPH)
Bottom of the 9th over - 0 runs, 0 hits, 0 errors, 0 left on base; Texas 14 - San Francisco 7
Tuesday, April 30th , 2024 - OOTP Baseball 24.11 Build 85